Map: Gresvan LE

Players

thebiestsc - Winner!

  • Race: Terran Terran
  • League: Gold
  • Spawn Location: 11:00

Balth

  • Race: Protoss Protoss
  • League: Gold
  • Spawn Location: 5:00

VOD

Have the link to the VOD?

Description

Time

  • Played on: March 12, 2023, 10:44 p.m.
  • Length: 11:08
Show
View Real Time Build Order
Export as new Build Order

thebiestsc Terran - Winner!

Build Orders:  

Get SALT Encoding   

  12  0:00  SCV  
  13  0:12  SCV  
  14  0:17  Supply Depot  
  14  0:24  SCV  
  15  0:39  SCV  
  15  0:41  Barracks  
  16  0:51  SCV  
  16  0:54  Refinery  
  17  1:01  Supply Depot  
  17  1:03  SCV  
  18  1:15  SCV  
  19  1:27  SCV  
  19  1:29  Marine  
  21  1:34  Barracks  
  21  1:38  Refinery  
  21  1:45  Orbital Command  
  21  1:47  Marine  
  22  2:05  Marine  
  23  2:15  Factory  
  23  2:16  SCV  
  23  2:22  Marine, Barracks Tech Lab  
  24  2:28  SCV  
  26  2:40  Marine, SCV  
  30  2:46  Marine  
  29  2:52  SCV  
  29  2:55  Supply Depot  
  29  2:58  Marine, Supply Depot  
  30  2:59  Factory Tech Lab  
  30  3:03  Stimpack  
  31  3:16  SCV, Marauder  
  34  3:22  Barracks Reactor  
  34  3:32  SCV  
  34  3:43  Siege Tank  
  34  3:44  Marauder  
  39  3:49  Command Center  
  39  3:59  Marine  
  39  4:00  Marine  
  41  4:05  Marauder  
  41  4:08  SCV  
  44  4:19  Marine  
  45  4:24  Refinery  
  45  4:25  Refinery  
  45  4:35  Marauder  
  47  4:41  Marine  
  47  4:42  Siege Tank  
  47  4:44  Supply Depot  
  51  4:49  Marine  
  52  4:56  Marine  
  52  4:59  Marine  
  52  5:38  Marine x2  
  52  5:39  Siege Tank, Marauder  
  52  5:41  SCV  
  49  5:42  Orbital Command  
  60  5:53  SCV  
  60  5:56  Starport  
  61  6:00  Marauder  
  61  6:03  Marine x2  
  65  6:04  Engineering Bay  
  56  6:30  Siege Tank  
  56  6:31  Marine  
  56  6:32  Marauder  
  62  6:42  Marine  
  62  6:47  Medivac  
  65  6:53  Marauder  
  67  7:02  Siege Tank  
  70  7:09  SCV x2  
  72  7:15  Barracks Reactor  
  72  7:20  Supply Depot  
  72  7:21  SCV x2  
  74  7:22  Supply Depot  
  55  7:55  Marine x2  
  55  7:56  Siege Tank, Marauder  
  62  8:17  Marauder  
  64  8:28  Siege Tank  
  64  8:29  Marine x2  
  69  8:38  Marauder  
  67  8:47  Marine x2  
  66  8:56  Supply Depot  
  66  8:58  Supply Depot  
  66  9:00  Marauder  
  66  9:01  SCV x2  
  66  9:02  Armory  
  70  9:03  Siege Tank  
  70  9:04  Marine, Viking  
  70  9:05  Marine, Viking  
  79  9:21  Marauder  
  79  9:24  Marine x2  
  75  9:33  Combat Shield  
  75  9:34  Viking x2  
  75  9:35  Siege Tank  
  82  9:42  SCV x2, Marauder  
  86  9:54  SCV  
  87  10:04  Marauder, Viking  
  85  10:07  Siege Tank  
  84  10:25  Marauder  
  80  10:39  Widow Mine  
  80  10:47  Marauder  
  82  10:50  Marine x2  
Show
View Real Time Build Order
Export as new Build Order

Balth Protoss 

Build Orders: Zealot Archon 

Get SALT Encoding   

  12  0:01  Probe  
  13  0:13  Probe  
  14  0:21  Pylon  
  14  0:26  Probe  
  15  0:39  Probe (Chrono Boost)  
  16  0:44  Gateway  
  16  0:52  Probe (Chrono Boost)  
  16  0:53  Assimilator  
  17  1:00  Probe (Chrono Boost)  
  18  1:06  Probe  
  19  1:18  Probe (Chrono Boost)  
  20  1:29  Probe (Chrono Boost)  
  21  1:34  Probe (Chrono Boost)  
  21  1:36  Cybernetics Core  
  22  1:46  Nexus  
  22  1:58  Assimilator  
  22  2:02  Probe  
  23  2:10  Warp Gate (Chrono Boost)  
  23  2:19  Pylon  
  23  2:26  Pylon  
  23  2:37  Probe, Stalker  
  26  2:47  Robotics Facility  
  26  3:00  Shield Battery  
  26  3:03  Probe (Chrono Boost)  
  28  3:13  Probe (Chrono Boost)  
  28  3:18  Probe (Chrono Boost)  
  28  3:19  Stalker  
  31  3:27  Gateway x2  
  31  3:29  Probe  
  32  3:36  Twilight Council  
  32  3:41  Probe (Chrono Boost), Pylon  
  34  3:52  Probe x2 (Chrono Boost)  
  35  3:57  Probe (Chrono Boost), Assimilator  
  35  3:59  Probe, Assimilator  
  37  4:05  Observer  
  37  4:08  Probe (Chrono Boost)  
  39  4:11  Stalker  
  39  4:12  Gateway  
  41  4:20  Probe (Chrono Boost)  
  41  4:22  Forge  
  42  4:25  Gateway  
  42  4:26  Probe (Chrono Boost)  
  42  4:27  Charge  
  43  4:42  Gateway  
  43  4:45  Templar Archives  
  43  4:46  Pylon  
  43  4:50  Probe (Chrono Boost)  
  45  5:00  Probe (Chrono Boost)  
  45  5:04  Zealot x2  
  45  5:05  Probe (Chrono Boost), Zealot  
  42  5:17  Probe, Zealot  
  33  5:22  High Templar  
  33  5:25  High Templar  
  33  5:27  Zealot x2  
  40  5:29  Archon, Probe  
  40  5:37  Stalker  
  42  5:42  Stalker  
  44  5:51  Photon Cannon  
  43  5:57  Zealot  
  43  5:59  High Templar  
  38  6:25  Cybernetics Core  
  38  6:26  Photon Cannon  
  38  6:28  Pylon  
  38  6:40  Pylon  
  38  6:42  Pylon  
  38  6:52  High Templar x2  
  42  6:54  Zealot  
  42  6:57  Archon  
  44  7:02  Pylon  
  44  7:07  Shield Battery  
  44  7:13  Psionic Storm  
  44  7:14  Shield Battery  
  44  7:36  Robotics Facility  
  37  7:55  Stalker x2  
  37  7:58  Stalker  
  39  8:11  Zealot  
  39  8:20  High Templar  
  39  8:24  Archon  
  41  8:29  Shield Battery  
  41  8:32  Shield Battery  
  39  8:38  Stalker  
  39  8:51  Stalker  
  41  8:58  Stalker  
  44  9:10  Observer  
  43  9:32  Stalker  
  43  9:33  Stalker  
  47  9:46  Shield Battery  
  35  10:43  Stalker x3  
Tags
 
Composition
Zealot Archon
League
GoldGold
Matchup
PvT
Spawn Locations
Cross Positions
Add a new tag
Caveats
  • Supply blocks, unpowered buildings, or Contaminate may cause inaccurate times.
  • Supply counts are checked every 10 seconds.